 Dungeon Crawl Stone Soup version 0.30.1-9-gdf580d7c3d (webtiles) character file.

Game seed: 16456746943985321075

56 Ninjinzu the Trooper (level 3, 0/43 HPs)
             Began as a Demonspawn Berserker on Sept 25, 2023.
             Was a Believer of Trog.
             Slain by Robin
             ... wielding a +0 spear
              (3 damage)
             ... on level 2 of the Dungeon.
             The game lasted 00:04:23 (1244 turns).

Ninjinzu the Trooper (Demonspawn Berserker)         Turns: 1244, Time: 00:04:26

Health: 0/43       AC: 16    Str: 19    XL:     3   Next: 71%
Magic:  3/3        EV:  6    Int:  8    God:    Trog [**....]
Gold:   41         SH:  0    Dex: 12    Spells: 2/2 levels left

rFire   . . .        a - +0 hand axe
rCold   + . .        (no shield)
rNeg    . . .        c - +0 plate armour
rPois   .            (no helmet)
rElec   .            (no cloak)
rCorr   .            (no gloves)
SInv    .            (no boots)
Will    .....        (no amulet) Stlth
                     f - ring of protection from cold
HPRegen 0.27/turn    j - +4 ring of slaying
MPRegen 0.08/turn

%: no passive effects
@: berserking, lethally poisoned (0 -> -26), sanguine armoured, very quick
A: sanguine armour 1
a: Renounce Religion, Berserk, Trog's Hand


You were on level 2 of the Dungeon.
You worshipped Trog.
Trog was pleased with you.
You visited 1 branch of the dungeon, and saw 2 of its levels.

You collected 41 gold pieces.

Inventory:

Hand Weapons
 a - a +0 hand axe (weapon)
Armour
 b - a +0 animal skin
 c - a +0 plate armour (worn)
Jewellery
 f - a ring of protection from cold (left hand)
 j - a +4 ring of slaying (right hand)
 k - a +6 ring of strength
Scrolls
 d - a scroll of enchant armour {unknown}
 h - a scroll of amnesia {unknown}
 l - a scroll of identify {unknown}
Potions
 e - 2 potions of degeneration {unknown}
 i - 2 potions of invisibility {unknown}


   Skills:
 + Level 3.5 Fighting
 + Level 3.4 Axes
 + Level 2.1 Armour
 + Level 2.2 Dodging


You had 2 spell levels left.
You didn't know any spells.
Your spell library was empty.

Dungeon Overview and Level Annotations

Branches:
Dungeon (2/15)

Altars:

Annotations:
D:2 Robin


Innate Abilities, Weirdness & Mutations

When seriously injured, your blood forms armour. (AC +6)


Message History

Items here: )))) ††††.
You slash the goblin!
You kill the goblin!
Trog accepts your kill.
You hit the hobgoblin.
You kill the hobgoblin!
Trog accepts your kill.
Robin hits you from afar with a +0 spear.
Things that are here:
a +0 dagger; a goblin corpse The goblin no longer looks unusually strong.
Robin roars a battlecry!
The goblin goes into a battle-frenzy!
The hobgoblin no longer looks unusually strong.
The hobgoblin hits you. Robin throws the goblin at you!
Things that are here:
a +0 dagger; a goblin corpse The goblin hits you but does no damage.
You are poisoned.
You slash the hobgoblin!
You kill the hobgoblin!
Trog accepts your kill.
You hit the goblin.
You feel very sick. Robin hits you but does no damage.
The goblin hits you but does no damage.
You are lethally poisoned!
It was a potion of cancellation.
You feel magically purged.
* * * LOW HITPOINT WARNING * * *
You feel very sick.
Robin says, "Feeling lonely?"
Robin barely misses you. The goblin hits you but does no damage.
You are more poisoned.
A red film seems to cover your vision as you go berserk!
You feel yourself moving faster!
You feel mighty!
* * * LOW HITPOINT WARNING * * *
You feel very sick. The goblin hits you but does no damage.
You are more poisoned.
Robin hits you from afar with a +0 spear.
You die...

#.. #.## # #..#.#
########..#.#
#...).##....
#.....##..#
###.....##..######
.......†g)@.......
###.....##g.##.###
#.....##.....# ###+##
#.....###.##.###......#
#.....# #......#.#.....
####### #......+...≈#.#
#........≈≈≈#.#
.##.####..≈≈≈≈#.#
......##.≈≈≈≈≈#.#


You could see Robin and a goblin (strong).

Vanquished Creatures
  An adder (D:2)
  2 dart slugs
  2 endoplasms (D:1)
  2 giant cockroaches (D:1)
  6 hobgoblins
  4 jackals (D:2)
  3 ball pythons
  A bat (D:2)
  3 frilled lizards
  7 goblins
  4 kobolds (D:1)
  5 rats
40 creatures vanquished.

Notes
Turn   | Place    | Note
-------+----------+-------------------------------------------
     0 | D:1      | Ninjinzu the Demonspawn Berserker began the quest for the
                  | Orb.
     0 | D:1      | Reached XP level 1. HP: 18/18 MP: 1/1
   282 | D:1      | Gained mutation: When seriously injured, your blood forms
                  | armour. (AC +6) [demonic ancestry]
   282 | D:1      | Reached XP level 2. HP: 18/24 MP: 2/2
  1042 | D:2      | Reached XP level 3. HP: 26/29 MP: 3/3
  1168 | D:2      | Reached ** piety under Trog
  1222 | D:2      | Noticed Robin
  1244 | D:2      | Slain by Robin

Illustrated notes

Levels and vault maps discovered:
D:1:      elethiomel_arrival_fortress_basement, layout_loops_cross
D:2:      layout_basic, grunt_decor_junction, uniq_robin

Skill      XL: |  1  2 |
---------------+-------+-----
Axes           | 3 |  3.4
Armour         | 2 |  2.1
Dodging        | 2 |  2.2
Fighting       | |  3.5

Action                     || total
---------------------------++-------
  Melee: Hand axe          ||   106
 Invoke: Berserk           ||     1
    Use: Potion            ||     3
   Stab: Sleeping          ||     1
 Armour: Animal skin       ||     6
         Plate armour      ||    65
  Dodge: Dodged            ||    36
